 Seeded DCSS version 0.30.1-11-g7821555f0a (webtiles) character file.

Game seed: 7349257698004992703 (custom seed)

646 strifetoe the Magician (level 7, -6/51 HPs)
             Began as a Djinni Hedge Wizard on Nov 10, 2023.
             Was an Initiate of Ru.
             Mangled by an ice beast (21 damage)
             ... on level 5 of the Dungeon.
             The game lasted 00:18:19 (5162 turns).

strifetoe the Magician (Djinni Hedge Wizard)        Turns: 5162, Time: 00:18:19

Health: -6/51      AC:  5    Str:  9    XL:     7   Next: 82%
Gold:   190        EV: 12    Int: 24    God:    Ru [......] SH:  0 Dex: 12

rFire   + + +        y - +6 Majin-Bo {spellvamp, MP+6 Int+6}
rCold   x . .        (no shield)
rNeg    + . .        n - +2 leather armour {rF+}
rPois   ∞            c - +0 hat
rElec   .            (no cloak)
rCorr   .            (no gloves)
SInv    .            (boots unavailable)
Will    .....        (no amulet)
Stlth   +            d - ring of positive energy
HPRegen 0.28/turn    (no ring)
MPRegen 0.00/turn

%: infuse magic (-7 HP)
@: flying, very slightly contaminated
A: sickness immunity, fire resistance 2, cold vulnerability 1, float, innate
caster, HP casting, extra vitality 1
a: Renounce Religion


You were on level 5 of the Dungeon.
You worshipped Ru.
Ru was noncommittal.
You visited 2 branches of the dungeon, and saw 7 of its levels.
You also visited: Sewer.

You collected 226 gold pieces.
You spent 36 gold pieces at shops.

Inventory:

Hand Weapons
 a - a +0 dagger of flaming
 h - a +0 dagger of holy wrath
 y - the +6 Majin-Bo (weapon) {spellvamp, MP+6 Int+6}
   (You found it on level 6 of the Dungeon)

   Int:       It affects your intelligence (+6).
   MP:        It affects your magic capacity (+6).
Missiles
 q - a throwing net
Armour
 b - a +0 robe
 c - a +0 hat (worn)
 n - a +2 leather armour of fire resistance (worn)
 o - the +9 plate armour of Dogma {Dex+3}
   (You found it on level 3 of the Dungeon)

   Dex:       It affects your dexterity (+3).
Jewellery
 d - a ring of positive energy (left hand)
Wands
 m - a wand of quicksilver (11)
Scrolls
 e - a scroll of brand weapon
 j - 4 scrolls of teleportation
 r - a scroll of fog
 s - 2 scrolls of identify
 u - a scroll of summoning
 v - a scroll of enchant armour {unknown}
 w - a scroll of torment {unknown}
Potions
 f - a potion of brilliance
 g - 2 potions of attraction
 i - a potion of flight
 k - 3 potions of magic
 l - 2 potions of degeneration {unknown}
 p - 3 potions of curing
 t - 3 potions of invisibility
 x - a potion of might {unknown}


   Skills:
 + Level 3.9 Fighting
 + Level 3.9 Dodging
 - Level 1.5 Stealth
 + Level 5.2 Spellcasting


You knew the following spells:

 Your Spells              Type           Power      Damage    Failure   Level
a - Magic Dart            Conj           100%       1d8       1%          1
b - Slow                  Hex            100%       N/A       1%          1
c - Blink                 Tloc           62%        N/A       2%          2
d - Call Imp              Summ           62%        N/A       2%          2
e - Mephitic Cloud        Conj/Pois/Air  31%        N/A       4%          3
f - Shock                 Conj/Air       100%       1d9       1%          1
g - Lesser Beckoning      Tloc           62%        N/A       2%          2
h - Passwall              Tmut/Erth      25%        N/A       2%          2
Your spell library was empty.

Dungeon Overview and Level Annotations

Branches:
Dungeon (6/15)             Temple (1/1) D:6           Sewer (visited)

Altars:
Dithmenos
Elyvilon
Gozag
Qazlal
Ru
Trog
Uskayaw
Yredelemnul
Zin
The Shining One

Shops:
D:3 *   D:4 **:


Innate Abilities, Weirdness & Mutations

You are immune to sickness and miasma.
You are immune to poison.
Your flesh is very heat resistant. (rF++)
You are vulnerable to cold. (rC-)
You float through the air rather than walking.
You learn spells naturally, not from books.
Your magical power is your life essence.
You have superior vitality. (+4 MHP)


Message History

The ice beast misses you.
Your cerulean imp closely misses the ice beast.
Casting: Magic Dart (safe; 1% risk of failure)
Confirm with . or Enter, or press ? or * to list all spells.
Aiming: Magic Dart (safe; 1% risk of failure)
Press: ? - help, Shift-Dir - straight line, f/p - ice beast
Aim: an ice beast (heavily wounded, ally target, 100% to hit)
The magic dart hits the ice beast.
You feel better.
The ice beast is severely wounded.
The ice beast barely misses you.
Your cerulean imp barely misses the ice beast.
Casting: Magic Dart (safe; 1% risk of failure)
Confirm with . or Enter, or press ? or * to list all spells.
Aiming: Magic Dart (safe; 1% risk of failure)
Press: ? - help, Shift-Dir - straight line, f/p - ice beast
Aim: an ice beast (severely wounded, ally target, 100% to hit)
The magic dart hits the ice beast.
You feel better.
The ice beast is severely wounded.
The ice beast hits you. The ice beast freezes you!!
You feel a terrible chill!
Your cerulean imp hits the ice beast with a -1 spear.
Casting: Magic Dart (safe; 1% risk of failure)
Confirm with . or Enter, or press ? or * to list all spells.
Aiming: Magic Dart (safe; 1% risk of failure)
Press: ? - help, Shift-Dir - straight line, f/p - ice beast
Aim: an ice beast (severely wounded, not watching you, ally target, 100% to hit)
The magic dart hits the ice beast.
You feel better.
The ice beast is severely wounded.
The ice beast hits you but does no damage.
Your cerulean imp closely misses the ice beast.
Casting: Magic Dart (safe; 1% risk of failure)
Confirm with . or Enter, or press ? or * to list all spells.
Aiming: Magic Dart (safe; 1% risk of failure)
Press: ? - help, Shift-Dir - straight line, f/p - ice beast
Aim: an ice beast (severely wounded, ally target, 100% to hit)
You miscast Magic Dart.
You are very lightly contaminated with residual magic.
Nothing appears to happen.
The ice beast hits you.
* * * LOW HITPOINT WARNING * * *
The ice beast freezes you!!
You feel a terrible chill!
You die...

## ## ..# .#
#..# .# . #..#
##.# ..
#...##..###..#
#.......#.....
#.........##
#.@Y......
##>5###...
####


You could see an ice beast (ally target) and a friendly cerulean imp (summoned).

Vanquished Creatures
  A centaur (D:6)
  2 bullfrogs (Sewer)
  A gnoll bouda (D:4)
  A hound (D:5)
  3 iguanas
  5 gnolls
  7 adders
  7 river rats
  2 dart slugs
  4 bats
  8 endoplasms
  A giant cockroach (D:3)
  2 goblins
  8 hobgoblins
  2 jackals (D:1)
  3 kobolds
  3 quokkas
  16 ball pythons
  7 frilled lizards
  29 rats
112 creatures vanquished.

Vanquished Creatures (collateral kills)
  2 gnolls
  A river rat (Sewer)
  An endoplasm (D:3)
  2 jackals (D:1)
  2 ball pythons (Sewer)
  A kobold (D:1)
  A rat (D:3)
10 creatures vanquished.

Grand Total: 122 creatures vanquished

Notes
Turn   | Place    | Note
-------+----------+-------------------------------------------
     0 | D:1      | strifetoe the Djinni Hedge Wizard began the quest for the
                  | Orb.
     0 | D:1      | strifetoe set off with the following spells memorised:
                  | Magic Dart, Slow, Blink, Call Imp, Mephitic Cloud.
     0 | D:1      | Reached XP level 1. HP: 15/15 MP: 0/0
    88 | D:1      | Reached XP level 2. HP: 15/21 MP: 0/0
   328 | D:2      | Reached skill level 3 in Spellcasting
   328 | D:2      | Reached XP level 3. HP: 21/25 MP: 0/0
   328 | D:2      | Learned a level 1 spell: Shock
  1743 | D:3      | Reached XP level 4. HP: 20/31 MP: 0/0
  1891 | D:3      | Identified the +9 plate armour of Dogma {Dex+3}
  1961 | D:3      | Found Jizarist's General Store.
  1981 | D:3      | Reached skill level 4 in Spellcasting
  1998 | D:3      | Reached XP level 5. HP: 7/35 MP: 0/0
  1998 | D:3      | Learned a level 2 spell: Lesser Beckoning
  2254 | D:3      | Found a glowing drain.
  2262 | Sewer    | Entered a sewer
  2715 | Sewer    | Reached XP level 6. HP: 29/41 MP: 0/0
  3017 | Sewer    | Reached skill level 1 in Fighting
  3146 | Sewer    | Reached skill level 5 in Spellcasting
  3254 | Sewer    | Reached XP level 7. HP: 40/49 MP: 0/0
  3254 | Sewer    | Learned a level 2 spell: Passwall
  3691 | D:3      | Found a faded altar of an unknown god.
  4288 | D:4      | Found Dosadan's General Store.
  4296 | D:4      | Bought a potion of curing for 36 gold pieces
  4344 | D:4      | Found Wabom's General Store.
  4395 | D:4      | Found Xenwes Nyle's Book Boutique.
  4430 | D:5      | Entered Level 5 of the Dungeon
  4891 | D:6      | Found the +6 Majin-Bo {spellvamp, MP+6 Int+6}
  4892 | D:6      | Found a staircase to the Ecumenical Temple.
  4903 | Temple   | Entered the Ecumenical Temple
  4976 | Temple   | Became a worshipper of Elyvilon the Healer
  4985 | Temple   | Fell from the grace of Elyvilon
  5003 | Temple   | Became a worshipper of Ru the Awakened
  5162 | D:5      | Mangled by an ice beast

Illustrated notes

Levels and vault maps discovered:
D:1:      dpeg_arrival_water_temple_mockup, layout_loops_ring, st_stairs_10
D:2:      layout_loops_ring, minmay_cut_off
D:3:      layout_basic, serial_shops, nicolae_shop_tiny_statue_garden,
          ebering_ecumenical_altar_webs, lightli_sewer_entry_pipes,
          small_statue_intersection, minmay_misc_feat_ornament,
          chequers_serial_rivers_micro_d
D:4:      layout_gridville, nicolae_ashenzari_panopticon, serial_shops, shop,
          nicolae_shop_tiny_glass, nicolae_shop_advertising_works
          [nicolae_subvault_shop_adworks], nicolae_shop_behind_doors,
          saegor_snake_ambush, uniq_sigmund
D:5:      layout_layer_cave, nicolae_titane
D:6:      layout_basic, nicolae_overflow_hallway_of_the_gods,
          minmay_temple_entry_waves, serial_bayou, serial_bayou_pond_d,
          serial_bayou_lagoon_a, serial_bayou_shore_a, serial_bayou_pond_a,
          serial_bayou_crossing, serial_bayou_pond_a, uniq_grinder
Temple:   nicolae_temple_x_marks_the_god

Skill      XL: |  1  2  3  4  5  6  7 |
---------------+----------------------+-----
Spellcasting   | 3 4 5 |  5.2
Fighting       | 2 3 |  3.9
Dodging        | 3 |  3.9
Stealth        | |  1.5

Action                     |  1- 3 |  4- 6 |  7- 9 || total
---------------------------+-------+-------+-------++-------
  Melee: Dagger            |       |    11 |    13 ||    24
   Cast: Magic Dart        |    65 |   122 |    59 ||   246
         Shock             |     8 |    16 |    18 ||    42
         Call Imp          |     2 |     9 |     8 ||    19
         Mephitic Cloud    |       |    14 |    10 ||    24
 Invoke: Renounce Religion |       |       |     1 ||     1
    Use: Scroll            |     9 |     2 |     7 ||    18
         Potion            |       |     2 |       ||     2
   Stab: Confused          |       |       |     1 ||     1
 Armour: Robe              |     3 |    13 |       ||    16
         Leather armour    |       |       |    11 ||    11
  Dodge: Dodged            |    12 |    64 |    14 ||    90
